Map: Avalon Labs

Players

ZoSo - Winner!

  • Race: Zerg Zerg

Protorg

  • Race: Terran Terran

jasonh - Winner!

  • Race: Zerg Zerg
  • League: Silver

BananaPower

  • Race: Terran Terran

VOD

Have the link to the VOD?

Description

Time

  • Played on: Jan. 5, 2016, 1:15 a.m.
  • Length: 28:45
Show
View Real Time Build Order
Export as new Build Order

ZoSo Zerg - Winner!

Build Orders: Hatch First 

Get SALT Encoding   

  12  0:03  Drone  
  13  0:12  Overlord  
  13  0:17  Drone  
  14  0:31  Drone x2  
  16  0:36  Drone  
  17  0:57  Drone  
  18  1:04  Hatchery, Extractor  
  18  1:08  Drone x2  
  18  1:20  Spawning Pool  
  18  1:21  Drone  
  18  1:30  Drone  
  19  1:43  Overlord  
  19  1:56  Drone  
  20  2:01  Drone  
  21  2:12  Drone  
  21  2:15  Queen  
  24  2:23  Metabolic Boost  
  24  2:25  Drone x2  
  24  2:29  Drone  
  27  2:33  Drone  
  28  2:41  Drone  
  29  2:47  Drone  
  29  2:50  Queen  
  32  3:03  Queen  
  34  3:09  Zergling x4  
  35  3:38  Zergling x2  
  35  3:39  Zergling x4  
  35  3:49  Drone  
  35  3:51  Overlord x4  
  35  3:52  Overlord  
  36  4:17  Drone x4  
  36  4:18  Zergling x2  
  41  4:35  Drone x2  
  41  4:38  Drone  
  44  4:39  Drone  
  45  4:54  Zergling x4  
  47  5:15  Hatchery  
  47  5:16  Drone  
  47  5:17  Drone x7  
  47  5:18  Drone x3  
  57  5:22  Overlord x2  
  57  6:18  Extractor  
  56  6:21  Extractor  
  56  6:24  Drone  
  56  6:25  Drone x3  
  59  6:26  Drone x2  
  59  6:32  Extractor  
  60  6:33  Drone  
  60  6:34  Drone x2  
  60  6:35  Overlord x3  
  63  6:43  Roach Warren  
  63  6:45  Roach Warren  
  61  6:49  Evolution Chamber  
  61  6:58  Evolution Chamber  
  61  7:01  Lair  
  60  7:04  Drone x2  
  62  7:23  Drone x3  
  62  7:29  Extractor  
  64  7:30  Extractor  
  64  7:32  Drone  
  64  7:33  Drone x2  
  66  7:57  Roach x3  
  66  7:58  Roach x5  
  82  8:17  Roach x2  
  82  8:18  Roach x5  
  96  8:21  Zerg Missile Weapons Level 1  
  96  8:22  Zerg Ground Armor Level 1  
  96  8:25  Glial Reconstitution  
  96  8:29  Roach x2  
  96  8:30  Roach x3  
  106  8:40  Drone  
  107  8:50  Roach  
  107  8:51  Roach x6  
  107  8:53  Overlord x5  
  107  8:54  Overlord  
  121  8:59  Drone  
  122  9:11  Drone  
  123  9:17  Roach x4  
  123  9:20  Drone x3  
  134  9:24  Drone x3  
  137  9:31  Roach  
  137  9:32  Roach x4  
  137  9:36  Ravager x4  
  137  9:37  Ravager x6  
  137  9:38  Ravager x6  
  161  9:43  Roach, Tunneling Claws  
  161  9:44  Roach x2  
  169  9:52  Overlord x2  
  169  9:53  Overlord x2  
  114  10:17  Roach x2  
  114  10:18  Roach x5  
  98  10:21  Roach x2  
  91  10:42  Roach x5  
  101  10:59  Roach x4  
  109  11:19  Hatchery  
  109  11:22  Roach x4  
  109  11:23  Roach x4  
  109  11:24  Drone  
  109  11:25  Roach x3  
  131  11:28  Roach  
  133  11:58  Roach x5  
  133  11:59  Roach x6  
  157  12:01  Roach  
  157  12:25  Roach x6  
  157  12:26  Roach x3  
  175  12:32  Ravager x5  
  175  12:33  Ravager x5  
  175  12:34  Ravager x6  
  175  12:35  Ravager x4  
  195  12:55  Roach  
  195  12:56  Roach  
  182  13:25  Burrow  
  135  13:33  Roach x7  
  135  13:34  Roach x2  
  136  13:43  Roach x7  
  136  13:44  Roach  
  152  13:50  Roach x2  
  152  13:54  Roach  
  129  14:23  Roach x2  
  129  14:24  Roach x6  
  139  14:25  Roach x3  
  139  14:26  Roach  
  139  14:29  Ravager x2  
  139  14:30  Ravager x7  
  139  14:31  Ravager  
  163  14:36  Roach x4  
  163  14:37  Roach  
  173  14:48  Extractor  
  173  14:51  Extractor  
  173  14:52  Roach x3  
  179  14:53  Roach x2  
  181  15:01  Roach x4  
  189  15:13  Ravager x3  
  192  15:19  Roach x4  
  120  15:56  Roach  
  120  15:57  Roach x6  
  123  16:09  Roach x6  
  123  16:10  Roach x2  
  139  16:18  Ravager x4  
  142  16:19  Ravager  
  142  16:23  Roach  
  142  16:24  Roach x3  
  152  16:37  Roach x2  
  152  16:38  Roach x2  
  135  16:57  Roach  
  135  16:58  Roach x7  
  127  17:04  Roach x3  
  127  17:05  Roach  
  135  17:32  Ravager x5  
  135  17:33  Ravager x3  
  135  17:35  Roach  
  135  17:37  Roach  
  147  17:50  Ravager x2  
  149  17:52  Roach  
  149  17:53  Roach x2  
  155  18:16  Roach x3  
  155  18:17  Roach x5  
  91  18:39  Roach x5  
  91  18:40  Roach x5  
  101  19:11  Roach x6  
  101  19:12  Roach x4  
  121  19:32  Roach x6  
  130  20:35  Infestation Pit  
  129  20:57  Hatchery  
  129  21:00  Roach x2  
  129  21:01  Roach x7  
  129  21:02  Roach x3  
  152  21:14  Roach  
  152  21:15  Roach x3  
  160  21:20  Zerg Missile Weapons Level 2  
  160  21:25  Zerg Ground Armor Level 2  
  160  21:39  Hive  
  112  22:10  Roach x4  
  112  22:11  Roach x6  
  112  22:12  Roach x2  
  100  22:22  Roach x3  
  84  22:27  Roach  
  83  22:42  Roach x3  
  83  22:43  Roach  
  62  23:09  Roach x4  
  62  23:10  Roach x6  
  62  23:11  Roach x2  
  74  23:31  Roach x2  
  74  23:32  Roach x4  
  86  23:41  Zerg Missile Weapons Level 3  
  86  23:43  Zerg Ground Armor Level 3, Hatchery  
  71  24:01  Roach x6  
  71  24:02  Roach x4  
  81  24:07  Roach x5  
  91  24:44  Extractor  
  90  24:46  Extractor  
  89  25:01  Ultralisk Cavern  
  88  25:29  Zergling x2  
  88  25:30  Roach x4  
  88  25:31  Roach x6  
  88  25:34  Roach  
  111  25:55  Ultralisk  
  117  26:32  Ultralisk x2  
  129  27:09  Roach x7  
  129  27:10  Roach x5  
  141  27:31  Roach x7  
  141  27:32  Roach x2  
  125  28:22  Roach x2  
  125  28:23  Roach x6  
  125  28:24  Roach x5  
Show
View Real Time Build Order
Export as new Build Order

Protorg Terran 

Build Orders: MMM Bio 

Get SALT Encoding   

  12  0:01  SCV  
  13  0:13  SCV  
  14  0:22  Supply Depot  
  14  0:25  SCV  
  15  0:44  SCV  
  15  0:48  Barracks  
  16  0:56  SCV  
  17  1:12  SCV, Refinery  
  18  1:24  SCV  
  19  1:36  SCV, Barracks  
  20  1:52  Marine  
  21  2:10  Orbital Command  
  22  2:22  Reaper  
  22  2:27  Engineering Bay  
  22  2:35  Refinery  
  22  2:40  SCV  
  23  2:49  Barracks Reactor  
  23  2:52  SCV  
  23  2:54  Reaper  
  25  3:04  SCV  
  25  3:49  Marine x2  
  25  3:55  Barracks Tech Lab  
  27  4:07  Marine  
  28  4:15  Command Center, Terran Infantry Weapons Level 1  
  28  4:18  Combat Shields  
  28  4:21  Marauder  
  28  4:23  Marine  
  31  4:37  Supply Depot  
  31  4:58  Marine x2  
  31  4:59  Supply Depot  
  33  5:14  Marauder  
  35  5:16  Marine x2  
  35  5:20  SCV  
  38  5:22  Supply Depot  
  38  5:32  SCV  
  38  5:33  Marine x2  
  38  5:35  Marauder  
  43  5:36  Missile Turret  
  43  5:51  Marine x2  
  43  5:56  Marauder  
  47  5:58  Missile Turret  
  47  5:59  Refinery  
  47  6:03  SCV  
  48  6:10  Terran Infantry Armor Level 1  
  48  6:15  SCV  
  48  6:17  Stimpack  
  49  6:19  Marine x2  
  49  6:23  Marauder  
  53  6:26  Refinery  
  53  6:27  SCV  
  54  6:37  Factory, Marine x2  
  54  6:39  SCV  
  57  6:40  SCV  
  57  6:44  Marauder  
  60  6:51  SCV  
  60  6:53  SCV, Factory  
  62  6:55  Marine x2  
  64  7:03  SCV  
  64  7:06  Marauder  
  67  7:11  SCV  
  67  7:13  Marine x2  
  70  7:24  Supply Depot  
  70  7:45  Marine x2  
  70  7:46  SCV, Marauder  
  70  7:47  Supply Depot  
  75  8:02  Starport  
  75  8:03  Marine  
  76  8:07  Marauder  
  76  8:10  Factory Tech Lab  
  76  8:11  Supply Depot  
  76  8:12  Factory Tech Lab  
  78  8:18  Concussive Shells  
  78  8:29  Marauder  
  78  8:33  SCV  
  81  8:35  Supply Depot  
  81  8:40  Command Center  
  81  8:42  Starport  
  81  8:45  SCV  
  82  8:50  Marauder  
  84  8:57  SCV  
  84  8:58  Marine x2  
  84  8:59  Supply Depot  
  87  9:06  Siege Tank  
  87  9:09  SCV, Siege Tank  
  94  9:11  Marauder  
  94  9:14  Medivac  
  94  9:16  Marine x2  
  100  9:21  SCV  
  101  9:33  Marauder  
  101  9:34  Marine x2  
  108  9:38  Siege Tank  
  108  9:44  Medivac  
  110  9:52  Marine x2  
  112  9:54  Marauder  
  114  10:10  Siege Tank  
  113  10:16  Marauder  
  72  10:49  Siege Tank  
  73  10:51  Siege Tank  
  76  11:03  Fusion Core  
  76  11:07  Medivac  
  78  11:12  Starport Tech Lab  
  78  11:16  SCV  
  79  11:22  Siege Tank  
  79  11:23  Siege Tank  
  79  11:24  Refinery  
  79  11:25  SCV  
  86  11:28  SCV  
  87  11:33  Marine x2  
  87  11:37  SCV  
  87  11:38  Marauder  
  92  11:40  SCV  
  93  11:49  SCV  
  93  11:50  Refinery  
  93  11:51  Ghost Academy, Marine x2  
  93  11:52  SCV  
  93  11:54  Siege Tank  
  100  11:55  Siege Tank  
  100  12:01  SCV  
  104  12:04  SCV  
  105  12:09  Marine x2  
  107  12:16  SCV  
  108  12:26  Siege Tank, Marine  
  108  12:27  Marine  
  108  12:28  SCV  
  114  12:31  Siege Tank  
  117  12:45  Battlecruiser  
  117  12:48  Command Center  
  117  12:51  Medivac  
  125  13:13  Supply Depot  
  125  13:14  Supply Depot  
  125  13:18  Siege Tank  
  123  13:22  Siege Tank  
  124  13:37  Supply Depot x2  
  124  13:54  Siege Tank  
  127  14:00  Supply Depot  
  119  14:23  Supply Depot  
  118  14:26  Siege Tank  
  118  14:27  Battlecruiser  
  118  14:31  Starport Tech Lab  
  127  14:37  Personal Cloaking  
  127  14:44  Ghost  
  129  15:13  Ghost  
  131  15:31  Battlecruiser  
  90  15:55  Marine  
  85  16:02  Nuke  
  85  16:13  Marine  
  86  16:22  Siege Tank  
  86  16:24  Siege Tank  
  92  16:26  Battlecruiser  
  92  16:30  Marine  
  99  16:35  Marine x2  
  101  16:42  SCV  
  102  16:48  Marine  
  102  16:53  Marine x2  
  105  16:54  SCV, Siege Tank  
  105  16:56  Siege Tank  
  109  17:06  SCV, Marine  
  111  17:11  Marine x2  
  113  17:19  SCV  
  114  17:24  Marauder  
  114  17:26  Siege Tank  
  114  17:29  Siege Tank, Marine x2  
  124  17:31  SCV  
  125  17:46  Marauder  
  127  17:58  Siege Tank  
  127  18:01  Siege Tank  
  104  18:30  Siege Tank  
  104  18:33  Siege Tank  
  99  18:49  Nuke  
  99  18:54  Battlecruiser  
  105  19:05  Siege Tank  
  106  19:58  Battlecruiser  
  112  20:02  Siege Tank  
  112  20:07  Marauder  
  117  20:08  Marine x2  
  119  20:17  Refinery  
  119  20:23  SCV  
  119  20:26  Marine x2  
  119  20:27  Orbital Command  
  122  20:31  Orbital Command  
  122  20:34  Siege Tank  
  122  20:35  SCV  
  126  20:42  Refinery  
  126  20:44  Marine x2  
  126  20:47  SCV  
  129  20:58  Command Center  
  129  20:59  SCV  
  129  21:02  Battlecruiser, Marine x2  
  129  21:03  Marauder  
  140  21:24  Marauder  
  142  21:54  Nuke  
  107  23:24  Marauder  
  109  23:37  Refinery  
  109  23:45  Marauder  
  104  24:01  Siege Tank  
  85  24:04  Refinery  
  85  24:07  Marauder  
  78  24:12  SCV  
  79  24:24  SCV  
  79  24:28  Marauder  
  82  24:33  SCV  
  82  24:36  SCV  
  84  24:45  SCV  
  85  24:48  Siege Tank  
  85  24:49  Marauder  
  90  24:56  Siege Tank  
  90  24:57  SCV  
  94  25:09  SCV, Marine x2  
  97  25:20  Siege Tank  
  100  25:21  SCV  
  100  25:27  Marine x2  
  103  25:45  Marine  
  103  25:46  Battlecruiser  
  103  25:49  Siege Tank  
  113  25:53  Siege Tank  
  116  26:06  Ghost Academy  
  83  26:50  Nuke  
  83  26:52  Ghost  
  71  27:48  Viking  
Show
View Real Time Build Order
Export as new Build Order

jasonh Zerg - Winner!

Build Orders: Hatch First 

Get SALT Encoding   

  12  0:07  Drone  
  13  0:18  Overlord  
  13  0:21  Drone  
  14  0:38  Drone  
  15  0:59  Drone  
  16  1:12  Drone  
  16  1:17  Hatchery  
  16  1:23  Overlord  
  16  1:25  Drone  
  17  1:33  Spawning Pool  
  16  1:40  Extractor  
  16  1:43  Drone  
  16  1:46  Drone  
  17  1:50  Drone  
  18  2:11  Drone  
  19  2:17  Drone  
  20  2:23  Zergling x2  
  21  2:30  Extractor  
  21  2:34  Drone  
  21  2:42  Drone  
  21  2:43  Drone x2  
  24  2:55  Zergling x2  
  25  3:14  Roach Warren  
  25  3:18  Zergling x2  
  25  3:22  Zergling x2  
  26  3:37  Zergling x2  
  26  3:38  Zergling x2  
  26  3:39  Zergling x2  
  26  3:40  Zergling x4  
  31  3:46  Metabolic Boost  
  33  3:55  Roach  
  33  3:56  Roach  
  35  4:04  Drone  
  35  4:07  Overlord  
  36  4:28  Evolution Chamber  
  36  4:30  Roach x3  
  41  4:36  Overlord x2  
  41  4:37  Overlord  
  41  5:07  Roach x3  
  43  5:11  Roach x3  
  55  5:35  Roach  
  55  5:36  Roach  
  57  5:46  Roach  
  58  6:04  Drone  
  58  6:05  Drone  
  60  6:14  Drone x2  
  60  6:15  Drone  
  63  6:31  Lair  
  63  6:37  Queen  
  65  6:43  Drone x2  
  67  6:51  Zerg Melee Weapons Level 1  
  67  6:58  Extractor  
  66  7:01  Extractor  
  66  7:02  Drone x2  
  67  7:08  Overlord x2  
  67  7:09  Overlord  
  67  7:25  Drone  
  67  7:27  Drone  
  69  7:31  Drone  
  70  7:52  Hydralisk Den, Zergling x2  
  70  7:54  Roach x2  
  74  8:01  Glial Reconstitution  
  74  8:15  Drone  
  74  8:16  Drone x3  
  78  8:31  Hydralisk x2  
  78  8:32  Hydralisk x3  
  88  8:40  Muscular Augments  
  88  8:45  Zerg Missile Weapons Level 1  
  88  8:52  Hydralisk x2  
  88  8:53  Hatchery  
  91  8:56  Overlord  
  91  9:13  Hydralisk  
  91  9:14  Hydralisk  
  95  9:19  Overlord x2  
  95  9:20  Overlord, Tunneling Claws  
  95  9:22  Pneumatized Carapace  
  95  9:36  Hydralisk x2  
  95  9:37  Hydralisk x2  
  95  9:38  Hydralisk  
  82  10:11  Hydralisk x5  
  82  10:12  Hydralisk x3  
  57  10:37  Evolution Chamber  
  57  10:38  Hydralisk x2  
  57  10:39  Hydralisk x3  
  57  10:40  Zerg Ground Armor Level 1  
  62  10:57  Zergling x2  
  62  10:58  Zergling x2  
  62  10:59  Roach x3  
  70  11:18  Drone x5  
  73  11:19  Drone x2  
  77  11:34  Drone x3  
  77  11:35  Drone  
  81  11:41  Extractor  
  81  11:44  Extractor  
  81  11:45  Zerg Missile Weapons Level 2  
  79  11:56  Hydralisk x5  
  79  11:57  Hydralisk  
  91  12:33  Zerg Melee Weapons Level 2  
  91  12:44  Spire  
  91  12:48  Hydralisk x3  
  91  12:49  Hydralisk x6  
  104  13:25  Hydralisk  
  104  13:26  Hydralisk x6  
  114  13:28  Hydralisk x2  
  116  13:53  Overlord x5  
  116  13:54  Overlord  
  112  14:14  Zergling x8  
  112  14:15  Zergling x4  
  76  14:36  Drone x4  
  76  14:37  Drone x2  
  82  14:55  Overseer  
  82  14:57  Overseer  
  82  15:06  Zergling x6  
  86  15:07  Zergling x4  
  86  15:08  Roach x4  
  85  15:32  Hatchery  
  65  15:38  Hydralisk x6  
  70  15:54  Hydralisk  
  70  15:55  Hydralisk x5  
  81  16:18  Zerg Ground Armor Level 2  
  81  16:33  Infestation Pit  
  81  16:35  Corruptor x6  
  81  16:36  Corruptor  
  81  16:37  Corruptor  
  96  17:11  Hydralisk x2  
  96  17:12  Hydralisk x3  
  96  17:13  Hydralisk x4  
  114  17:20  Drone x3  
  117  17:41  Hydralisk x2  
  117  17:42  Hydralisk x3  
  127  18:17  Hydralisk x5  
  127  18:18  Hydralisk x4  
  140  18:24  Drone  
  140  18:25  Drone x2  
  88  18:53  Zergling x6  
  88  18:54  Zergling x12  
  97  19:10  Drone x3  
  97  19:16  Corruptor  
  97  19:17  Corruptor x2  
  106  19:31  Drone  
  106  19:33  Drone  
  108  19:42  Hatchery  
  107  19:49  Extractor  
  106  20:15  Hydralisk x5  
  106  20:16  Hydralisk x4  
  124  20:29  Extractor  
  123  20:36  Hydralisk x6  
  135  20:51  Hive  
  127  21:16  Hydralisk x3  
  127  21:18  Roach x6  
  142  21:19  Roach x2  
  142  21:20  Roach  
  150  22:07  Corruptor x5  
  138  22:09  Hydralisk x6  
  138  22:10  Hydralisk  
  88  22:30  Hydralisk x3  
  88  22:31  Hydralisk  
  88  22:32  Hydralisk x4  
  104  22:50  Zerg Flyer Weapons Level 1  
  104  23:04  Roach x2  
  104  23:05  Roach x5  
  118  23:06  Roach x5  
  128  23:22  Extractor  
  128  23:23  Extractor  
  126  23:28  Roach x2  
  126  23:29  Roach x5  
  126  23:30  Roach  
  134  24:00  Roach x6  
  134  24:01  Hydralisk x4, Roach  
  134  24:02  Hydralisk  
  144  24:23  Zergling x6  
  144  24:24  Zergling x8  
  151  24:37  Drone x2  
  151  24:38  Drone  
  154  24:45  Zerg Flyer Armor Level 1  
  154  24:48  Hatchery  
  154  24:52  Roach x4  
  163  24:53  Roach x5  
  163  24:59  Zerg Melee Weapons Level 3  
  164  26:00  Roach x2  
  164  26:01  Roach x6  
  164  26:02  Hydralisk, Roach x3  
  188  26:28  Overlord  
  188  26:29  Overlord x2  
  188  26:31  Drone  
  188  26:32  Drone x2  
  183  27:07  Zergling x2  
  183  27:08  Hydralisk x3, Roach x4  
  190  27:09  Roach  
  142  27:50  Roach x3  
  142  27:51  Roach, Zergling x8  
  152  27:52  Zergling x8  
Show
View Real Time Build Order
Export as new Build Order

BananaPower Terran 

Build Orders: MMM Bio 

Get SALT Encoding   

  12  0:00  SCV  
  13  0:13  SCV  
  14  0:18  Supply Depot  
  14  0:25  SCV  
  15  0:34  Refinery  
  15  0:39  SCV  
  16  0:46  Barracks  
  16  0:51  SCV  
  17  1:03  SCV  
  18  1:13  Barracks  
  18  1:15  SCV  
  19  1:27  Supply Depot  
  19  1:28  SCV  
  20  1:33  Reaper  
  21  1:40  SCV  
  22  1:51  Refinery  
  22  1:53  SCV  
  23  2:00  Reaper  
  24  2:01  Supply Depot  
  24  2:05  Reaper  
  25  2:25  Supply Depot  
  25  2:26  SCV  
  26  2:32  Reaper  
  27  2:40  Command Center  
  27  2:44  Barracks Reactor  
  27  3:02  Barracks  
  27  3:05  Barracks Tech Lab  
  27  3:20  Marine x2  
  27  3:56  Marine x2  
  27  3:58  Marauder  
  31  4:09  Supply Depot  
  31  4:12  Orbital Command  
  31  4:13  Marine  
  31  4:14  Marine  
  31  4:15  SCV  
  34  4:19  Marauder  
  36  4:25  Barracks Reactor  
  36  4:27  SCV  
  37  4:36  Factory, Stimpack  
  37  4:37  Marine x2  
  39  4:39  SCV  
  39  4:41  Marauder  
  42  4:47  SCV  
  42  4:50  Supply Depot  
  43  4:55  Marine x2  
  43  4:59  SCV  
  46  5:04  Marine x2  
  46  5:08  SCV  
  47  5:19  Supply Depot, Marine x2  
  47  5:20  SCV, Marauder  
  52  5:21  Marine  
  52  5:22  Marine  
  52  5:26  Starport  
  52  5:36  Marine  
  52  5:37  Marine  
  52  5:39  Marine x2  
  56  6:02  SCV  
  57  6:04  Marine x2  
  57  6:05  Marine x2  
  57  6:06  Marauder  
  57  6:08  Medivac  
  64  6:12  Engineering Bay  
  64  6:14  SCV  
  64  6:16  Supply Depot  
  65  6:22  Marine x2  
  67  6:26  SCV  
  68  6:33  Marine x2  
  68  6:35  Marauder  
  68  6:38  SCV, Medivac  
  68  6:39  Marine  
  75  6:40  Marine  
  75  6:41  Terran Infantry Weapons Level 1  
  77  6:47  Ghost Academy  
  77  6:50  SCV  
  77  6:53  Marine  
  79  6:54  Marine  
  79  6:57  Marine x2  
  79  6:59  Marauder  
  84  7:07  Medivac  
  86  7:11  Supply Depot  
  86  7:18  Marine x2  
  86  7:19  Marine x2  
  86  7:21  Marauder  
  92  7:24  Combat Shields  
  92  7:34  Supply Depot  
  92  7:35  Marine  
  92  7:36  Marine  
  92  7:37  Medivac, Marine  
  94  7:39  SCV  
  94  7:42  Marauder  
  100  7:51  SCV  
  101  8:01  Command Center, Marine x2  
  101  8:02  Marine  
  101  8:03  Marine  
  105  8:06  Marauder  
  105  8:07  SCV  
  108  8:16  Medivac  
  110  8:36  Supply Depot  
  110  8:39  Supply Depot  
  110  8:42  Concussive Shells  
  110  8:57  Marauder, Medivac, Marine x4  
  110  8:59  Supply Depot, Orbital Command  
  110  9:02  Supply Depot  
  118  9:15  Marine x4  
  122  9:19  Marauder  
  124  9:27  Medivac  
  126  9:32  Marine x4  
  130  9:40  Marauder  
  132  9:50  Marine x4  
  136  9:57  Medivac  
  138  10:02  Marauder  
  127  10:13  Marine x2  
  102  10:14  Marine x2  
  92  10:23  Marauder  
  92  10:27  Medivac  
  93  10:31  Marine x2  
  91  10:42  Marine x2  
  93  10:44  Marauder  
  93  10:49  Marine x2  
  95  10:57  Medivac  
  97  11:07  Marine x4  
  97  11:09  Marauder  
  103  11:16  Supply Depot x2  
  103  11:30  SCV  
  103  11:31  Marauder  
  106  11:33  Marine x2  
  106  11:34  Marine x2  
  106  11:37  Medivac  
  112  11:42  SCV  
  113  11:50  Marine  
  113  11:51  Marine  
  113  11:52  Marine x2  
  117  11:56  Marauder  
  119  12:04  Orbital Command  
  119  12:07  Medivac  
  121  12:08  Marine x2  
  121  12:09  Marine  
  121  12:10  Marine  
  125  12:18  Marauder  
  127  12:26  Marine x2  
  127  12:27  Marine x2  
  131  12:37  Medivac  
  131  12:39  Marauder  
  135  12:44  Marine x2  
  135  12:45  Marine x2  
  139  13:01  Marauder  
  139  13:02  Marine x2  
  139  13:03  Marine x2  
  145  13:07  Medivac  
  147  13:19  Marine  
  140  13:20  Marine  
  140  13:21  Marine x2  
  140  13:22  Marauder  
  93  13:37  Medivac  
  81  13:45  Marine x2  
  81  13:47  Marine x2  
  85  13:49  Marauder  
  87  14:03  Marine x2  
  87  14:05  Marine x2  
  87  14:07  Medivac  
  93  14:10  Marauder  
  79  14:21  Marine x2  
  79  14:22  Marine  
  79  14:23  Marine  
  80  14:35  Barracks  
  80  14:37  Medivac  
  83  14:39  Marine x2  
  83  14:40  Marine  
  83  14:41  Marine  
  83  14:45  Marauder  
  88  14:57  Marine x2  
  88  14:58  Marine x2  
  92  15:06  Marauder  
  94  15:07  Medivac  
  96  15:14  Marine x2  
  98  15:25  Supply Depot  
  98  15:30  Marine x2  
  98  15:32  Marine x2  
  80  16:11  Marine x2  
  80  16:13  Marine x2  
  80  16:16  Marauder  
  86  16:18  Medivac  
  88  16:29  Marine x2  
  88  16:30  Marine  
  88  16:31  Marine  
  92  16:36  Barracks Reactor  
  92  16:38  Supply Depot, Marauder  
  87  16:47  Marine x2  
  87  16:48  Marine x2  
  88  17:02  Marauder  
  88  17:05  Marine x2  
  88  17:06  Marine x2  
  88  17:07  Starport Tech Lab  
  94  17:14  Marine x2  
  96  17:22  Marine  
  96  17:23  Marine  
  96  17:24  Marine  
  96  17:25  Marine  
  100  17:30  Banshee  
  100  17:32  Marine x2  
  105  17:40  Marine x2  
  105  17:42  Marine x2  
  109  17:50  Marine x2  
  111  17:59  Marine x2  
  111  18:00  Marine x2  
  111  18:03  Marauder  
  117  18:08  Marine x2  
  114  18:13  Banshee  
  106  18:25  Marine  
  106  18:26  Marine  
  104  18:27  Marine x2  
  104  18:28  Marine x2  
  91  18:43  Marine x2  
  91  18:45  Marine x2  
  91  18:46  Marine x2  
  97  18:55  Marine  
  97  18:56  Medivac  
  97  19:00  Refinery  
  100  19:04  Refinery  
  100  19:09  Refinery  
  100  19:13  Marine  
  100  19:14  Refinery  
  101  19:18  Marine x2  
  101  19:19  Marine x2  
  101  19:20  Marine x2  
  107  19:32  Marauder  
  107  19:35  Marine  
  107  19:36  Marine  
  107  19:37  Marine x3  
  107  19:38  Orbital Command, Marine  
  115  19:53  Marine x2  
  115  19:54  Marine  
  115  19:55  Marine x3  
  121  20:05  Marauder  
  123  20:11  Marine x2  
  123  20:12  Marine x2  
  123  20:13  Marine x2  
  129  20:26  Marauder  
  129  20:27  Medivac  
  133  20:29  Marine x2  
  133  20:30  Marine x2  
  133  20:31  Marine x2  
  139  20:47  Marauder  
  141  20:57  Banshee  
  144  21:17  Marine x2  
  146  21:18  Marine x2  
  146  21:19  Marine x2  
  146  21:22  Marauder  
  152  21:35  Marine x2  
  152  21:36  Marine x2  
  156  21:40  Medivac  
  156  21:43  Marauder  
  159  22:06  Marine  
  159  22:07  Marine  
  159  22:08  Marine x2  
  147  22:09  Marine x2  
  147  22:10  Medivac  
  147  22:13  Marauder  
  137  22:27  Marine  
  137  22:28  Marine x2  
  137  22:29  Marine  
  135  22:30  Marine  
  135  22:31  Marine  
  137  22:40  Medivac  
  139  22:44  Marauder  
  139  22:45  Marine x2  
  139  22:46  Marine  
  139  22:47  Marine  
  139  22:48  Marine  
  139  22:49  Marine  
  146  23:09  Orbital Command  
  146  23:10  Marine x2, Medivac  
  150  23:14  Marine x2  
  150  23:18  Marine x2  
  154  23:26  Marauder  
  156  23:28  Marine x2  
  156  23:32  Marine x2  
  160  23:36  Marine x2  
  160  23:40  Medivac  
  160  23:51  Marine  
  160  23:52  Marine x3  
  160  23:54  Marauder, Marine x2  
  135  24:10  Medivac  
  135  24:21  Marine x2  
  135  24:22  Marine x2  
  135  24:23  Marine x2  
  141  24:25  Marauder  
  143  24:40  SCV, Medivac  
  146  24:46  Marauder  
  146  24:52  SCV  
  149  25:05  Supply Depot  
  149  25:11  Marine  
  149  25:12  Marine x3  
  149  25:13  Marine x2  
  157  25:14  Medivac, Marauder  
  159  25:28  Supply Depot  
  159  25:29  Marine x2  
  159  25:34  Orbital Command  
  157  26:06  Marine x2  
  157  26:07  Marine x2  
  157  26:08  Marine x2  
  163  26:13  Medivac, Marauder  
  167  26:24  Marine x2  
  167  26:25  Marine x3  
  171  26:26  Marine  
  173  26:34  Marauder  
  164  26:42  Marine x3  
  164  26:43  Marine  
  38  28:02  Barracks  
  37  28:08  Barracks  
Tags
 
Add a new tag
Caveats
  • Supply blocks, unpowered buildings, or Contaminate may cause inaccurate times.
  • Supply counts are checked every 10 seconds.